Map: Eastwatch LE

Players

Net - Winner!

  • Race: Zerg Zerg
  • League: Platinum
  • Spawn Location: 1:00

KeFuHai

  • Race: Terran Terran
  • League: Platinum
  • Spawn Location: 7:00

VOD

Have the link to the VOD?

Description

zvt - ling bane muta memes

Time

  • Played on: March 10, 2018, 3:39 p.m.
  • Length: 12:21
Show
View Real Time Build Order
Export as new Build Order

Net Zerg - Winner!

Build Orders: Hatch First, Muta Ling Bane 

Get SALT Encoding   

  12  0:01  Drone  
  13  0:18  Overlord  
  13  0:21  Drone  
  14  0:25  Extractor  
  14  0:26  Drone  
  14  0:27  Extractor  
  13  0:32  Drone  
  16  0:45  Drone  
  17  0:57  Hatchery  
  17  1:00  Drone  
  17  1:06  Extractor  
  17  1:07  Drone  
  17  1:14  Drone  
  18  1:24  Drone  
  19  1:35  Drone  
  21  1:47  Drone  
  21  1:49  Spawning Pool  
  20  2:03  Drone  
  20  2:07  Overlord  
  21  2:12  Hatchery  
  20  2:20  Drone x3  
  23  2:35  Drone  
  23  2:36  Drone  
  25  2:37  Metabolic Boost  
  25  2:40  Queen  
  27  2:46  Queen  
  27  2:50  Drone  
  29  2:55  Zergling x4  
  29  2:58  Zergling x2  
  32  3:01  Drone  
  32  3:03  Overlord  
  33  3:11  Drone  
  34  3:20  Drone  
  34  3:25  Queen  
  34  3:26  Drone  
  38  3:27  Drone x2  
  40  3:37  Extractor  
  40  3:40  Zergling x6  
  41  3:51  Zergling x4  
  41  3:52  Zergling x6  
  45  4:03  Zergling x8  
  49  4:12  Baneling Nest  
  49  4:15  Evolution Chamber  
  47  4:27  Drone x2  
  47  4:28  Spore Crawler  
  48  4:31  Spore Crawler  
  48  4:32  Spore Crawler  
  48  4:35  Lair  
  46  4:40  Drone x4  
  46  4:41  Extractor, Overlord x2  
  46  4:42  Extractor, Overlord x2  
  47  5:06  Zergling x4  
  47  5:07  Zergling x4  
  47  5:10  Zergling x2  
  47  5:11  Zergling x8  
  49  5:27  Zerg Melee Weapons Level 1  
  49  5:35  Drone  
  49  5:36  Drone x5  
  49  5:39  Drone  
  56  5:46  Pneumatized Carapace  
  56  5:53  Baneling  
  56  5:54  Baneling x4  
  56  5:55  Baneling x2  
  56  5:59  Baneling  
  56  6:02  Drone x2  
  56  6:03  Drone x7  
  56  6:04  Drone x2  
  57  6:24  Zergling x4  
  50  6:31  Drone x9  
  57  6:51  Spire  
  57  6:53  Drone x4  
  60  7:00  Extractor  
  59  7:02  Spore Crawler  
  58  7:08  Spine Crawler  
  58  7:11  Drone x2  
  59  7:24  Drone x3  
  59  7:25  Drone  
  59  7:27  Drone  
  59  7:29  Drone x2  
  67  7:30  Drone  
  67  7:34  Zergling x10  
  67  7:35  Zergling x6  
  67  7:36  Centrifical Hooks  
  75  7:43  Zerg Ground Armor Level 1  
  75  7:47  Evolution Chamber  
  74  8:00  Drone  
  75  8:06  Mutalisk  
  75  8:07  Mutalisk x2  
  75  8:08  Overlord  
  75  8:09  Overlord x4  
  81  8:13  Hatchery  
  81  8:14  Queen  
  82  8:27  Mutalisk  
  82  8:28  Mutalisk x5  
  82  8:31  Mutalisk  
  82  8:33  Mutalisk  
  98  8:34  Mutalisk  
  98  8:36  Mutalisk  
  98  8:38  Mutalisk  
  104  8:42  Mutalisk  
  104  8:43  Mutalisk  
  108  8:48  Zerg Flyer Weapons Level 1  
  108  8:56  Extractor  
  107  9:06  Zergling x14  
  107  9:07  Zergling x4  
  116  9:21  Overseer x2  
  116  9:32  Zergling x24  
  128  9:39  Zerg Ground Armor Level 2, Zerg Melee Weapons Level 2  
  128  9:49  Infestation Pit  
  127  9:59  Zergling x2  
  128  10:12  Roach Warren  
  128  10:13  Hydralisk Den  
  126  10:28  Baneling x20  
  103  10:29  Baneling x12  
  80  11:16  Zergling x2  
  80  11:17  Zergling x28  
  95  11:20  Queen  
  92  11:45  Hatchery  
Show
View Real Time Build Order
Export as new Build Order

KeFuHai Terran 

Build Orders: Bio Hellbat 

Get SALT Encoding   

  12  0:08  SCV  
  13  0:20  SCV  
  14  0:23  Supply Depot  
  14  0:32  SCV  
  15  0:45  Barracks, SCV  
  17  0:57  SCV  
  17  1:09  SCV  
  18  1:19  Command Center  
  18  1:21  SCV  
  19  1:34  Supply Depot  
  19  1:36  Orbital Command  
  19  1:40  Marine  
  19  1:45  Refinery  
  20  1:51  Refinery  
  20  1:57  Marine  
  21  2:01  Bunker  
  21  2:03  SCV  
  22  2:15  Marine, SCV  
  24  2:24  Barracks  
  24  2:27  SCV  
  25  2:33  Marine  
  26  2:40  Orbital Command  
  26  2:42  SCV  
  27  2:53  Factory  
  27  2:54  SCV  
  27  2:56  Barracks Tech Lab  
  28  3:06  SCV  
  28  3:09  Engineering Bay  
  29  3:15  Barracks Reactor  
  29  3:17  Combat Shields  
  29  3:19  Marine  
  30  3:22  SCV  
  30  3:26  SCV  
  32  3:33  Refinery  
  32  3:37  Supply Depot  
  32  3:44  Starport  
  32  3:47  Terran Infantry Weapons Level 1  
  32  3:49  Factory Reactor  
  32  3:51  Marine  
  30  4:07  Supply Depot  
  30  4:09  SCV x2  
  32  4:14  Marine x3  
  35  4:21  SCV  
  35  4:22  SCV  
  37  4:32  Marine  
  37  4:34  SCV x2  
  37  4:37  Medivac x2  
  44  4:43  Marine x2  
  46  4:47  SCV x2  
  46  4:49  Marine  
  48  4:59  SCV x2  
  48  5:01  Marine x2  
  49  5:07  Marine  
  49  5:11  SCV x2  
  49  5:12  Supply Depot  
  50  5:16  Stimpack  
  50  5:17  Factory Tech Lab  
  50  5:19  Marine x2  
  52  5:21  Medivac  
  52  5:23  SCV  
  52  5:24  SCV  
  52  5:26  Medivac  
  58  5:42  SCV x2  
  60  5:46  Refinery, Terran Infantry Armor Level 1  
  60  5:51  Marine x2  
  60  5:52  Marine  
  60  5:54  SCV x2  
  65  6:00  Supply Depot  
  65  6:06  SCV x2  
  49  6:33  Hellion  
  49  6:34  Infernal Pre-Igniter  
  49  6:36  Medivac x2  
  55  6:45  Supply Depot  
  55  6:51  Marine x2  
  55  6:52  Marine  
  58  6:54  Hellion, SCV  
  58  6:55  SCV  
  62  7:06  SCV  
  62  7:07  Engineering Bay  
  63  7:08  Armory  
  63  7:09  Marine x2  
  63  7:12  Marine  
  66  7:16  Hellion  
  66  7:19  Factory  
  68  7:24  Concussive Shells  
  68  7:27  Marine x2  
  68  7:29  Marine  
  70  7:32  SCV x2  
  73  7:37  Hellion  
  73  7:39  Medivac x2  
  80  7:44  SCV  
  80  7:45  Marine x2  
  80  7:48  Marauder  
  84  7:58  Hellion, Terran Infantry Weapons Level 2  
  84  8:01  Terran Infantry Armor Level 2  
  86  8:08  Supply Depot  
  86  8:10  Supply Depot  
  86  8:14  Marine x2, Marauder  
  86  8:15  Supply Depot  
  90  8:30  Factory Reactor  
  90  8:31  Hellbat  
  92  8:35  Command Center  
  92  8:38  Marine x2  
  92  8:39  Marine  
  95  8:44  Supply Depot  
  95  8:48  Supply Depot  
  95  8:52  Hellbat, Terran Vehicle And Ship Armor Level 1  
  97  8:58  Marine x3, Supply Depot  
  100  9:06  Hellbat x2  
  104  9:14  Hellbat  
  104  9:15  Marine x2, Missile Turret  
  108  9:17  Missile Turret  
  108  9:28  Missile Turret x2  
  108  9:32  Marine  
  108  9:33  Marine x2  
  108  9:36  Hellion x2  
  115  9:50  Marine  
  115  9:51  Marine x2  
  118  9:55  Hellbat  
  117  10:03  Barracks  
  113  10:08  Marine  
  102  10:52  Command Center  
  58  11:03  Hellion x2  
  56  11:07  Orbital Command  
  46  11:11  Missile Turret  
  46  11:13  Missile Turret  
  46  11:14  Missile Turret  
  46  11:17  Marine x3  
  45  11:35  Marine x3  
  39  11:52  Marine  
  39  11:53  Marine  
Tags
 
Add a new tag
Caveats
  • Supply blocks, unpowered buildings, or Contaminate may cause inaccurate times.
  • Supply counts are checked every 10 seconds.